 Dungeon Crawl Stone Soup version 0.29-a0-973-gac7da5f7f0 (webtiles) character file.

Game seed: 2744533230752198764

8845 purpskrrrp the Unseen (level 11, 0/61 HPs)
             Began as an Octopode Enchanter on July 31, 2022.
             Was a Priest of Dithmenos.
             Slain by a gargoyle
             ... wielding a +0 dire flail
              (13 damage)
             ... on level 11 of the Dungeon.
             The game lasted 00:39:42 (11645 turns).

purpskrrrp the Unseen (Octopode Enchanter)         Turns: 11645, Time: 00:39:43

Health: 0/61       AC:  5    Str: 12    XL:     11   Next: 37%
Magic:  14/14      EV: 14    Int: 28    God:    Dithmenos [***...]
Gold:   1345       SH:  0    Dex: 24    Spells: 14/14 levels left

rFire   x . .      SeeInvis +   f - +7 trident "Reh Ypema" {flame, *Rage rPois Int+4 Dex+2}
rCold   + + .      Faith    .   (no shield)
rNeg    . . .      Spirit   .   (helmet restricted)
rPois   +          Reflect  .   (no amulet)
rElec   .          Harm     .   k - ring of protection from cold
rCorr   .          Rampage  .   m - +4 ring of protection
Will    .....      Rage     20% n - ring of ice Stlth **++++++++
                                G - +6 ring of strength
HPRegen 0.20/turn               z - ring "Tayrai" {rPois Str-5 Int+7 Dex+6}
MPRegen 0.14/turn               (no ring)
                                (no ring)
                                (no ring)

@: on berserk cooldown, slowed, wreathed by umbra, studying Throwing, very slow
A: almost no armour, amphibious, 8 rings, camouflage 1, gelatinous body 1,
(nimble swimmer 1), tentacles, see invisible, poison resistance, strong 1
a: Renounce Religion, Shadow Step


You were on level 11 of the Dungeon.
You worshipped Dithmenos.
Dithmenos was most pleased with you.
You visited 2 branches of the dungeon, and saw 11 of its levels.
You also visited: Bailey.

You collected 1345 gold pieces.

Inventory:

Hand Weapons
 a - a +1 dagger
 d - a +1 whip of electrocution
 f - the +7 trident "Reh Ypema" (weapon) {flame, *Rage rPois Int+4 Dex+2}
   (You found it on level 3 of the Dungeon)

   It burns those it strikes, dealing additional fire damage.
   Int:       It affects your intelligence (+4).
   Dex:       It affects your dexterity (+2).
   rPois:     It protects you from poison.
   *Rage:     It berserks you when you make melee attacks (+20% chance).
 p - a +7 dagger
Missiles
 i - a throwing net
 q - 16 poisoned darts
Jewellery
 k - a ring of protection from cold (left tentacle)
 m - a +4 ring of protection (right tentacle)
 n - a ring of ice (on tentacle)
 z - the ring "Tayrai" (on tentacle) {rPois Str-5 Int+7 Dex+6}
   (You took it off an orc warrior in a bailey)

   [ring of dexterity]

   Str:       It affects your strength (-5).
   Int:       It affects your intelligence (+7).
   Dex:       It affects your dexterity (+6).
   rPois:     It protects you from poison.
 D - a ring of protection from cold
 G - a +6 ring of strength (on tentacle)
Wands
 r - a wand of roots (14)
 s - a wand of flame (26) (quivered)
 u - a wand of polymorph (3)
 F - a wand of mindburst (14)
Scrolls
 g - 5 scrolls of noise
 j - 3 scrolls of magic mapping
 o - a scroll of fog
 x - 3 scrolls of teleportation
 A - 2 scrolls of poison
 H - a scroll of silence
Potions
 b - a potion of invisibility
 c - 2 potions of resistance {unknown}
 e - 4 potions of curing
 h - 3 potions of haste
 l - 2 potions of mutation
 t - 2 potions of attraction {unknown}
 v - a potion of berserk rage {unknown}
 w - a potion of might
 B - 2 potions of cancellation
 C - a potion of ambrosia {unknown}
 E - a potion of degeneration {unknown}


   Skills:
 - Level 1.0 Short Blades
 - Level 2.1 Maces & Flails
 + Level 12.1 Polearms
 - Level 2.0 Dodging
 + Level 17.3 Stealth
 - Level 2.0 Spellcasting
 - Level 3.0 Hexes


You had 14 spell levels left.
You didn't know any spells.
Your spell library contained the following spells:

 Spells                   Type           Power      Damage    Failure   Level
 Slow                     Hex            76%        N/A       2%          1
 Ensorcelled Hibernation  Hex/Ice        32%        N/A       8%          2
 Confusing Touch          Hex            19%        N/A       8%          3
 Tukima's Dance           Hex            19%        N/A       8%          3
 Apportation              Tloc           4%         N/A       9%          1
 Necrotise                Necr           8%         1d4       9%          1
 Sandblast                Erth           4%         2d4       9%          1
 Summon Small Mammal      Summ           8%         N/A       9%          1
 Blink                    Tloc           4%         N/A       14%         2
 Passwall                 Tmut/Erth      1%         N/A       14%         2
 Dazzling Flash           Conj/Hex       22%        N/A       14%         3
 Gell's Gravitas          Tloc           2%         N/A       26%         3
 Lesser Beckoning         Tloc           2%         N/A       26%         3
 Ozocubu's Armour         Ice            4%         N/A       26%         3
 Stone Arrow              Conj/Erth      4%         3d7       26%         3
 Teleport Other           Tloc           2%         N/A       26%         3
 Vampiric Draining        Necr           2%         2d6       26%         3
 Manifold Assault         Tloc           2%         N/A       94%         5
 Ozocubu's Refrigeration  Ice            2%         4d5       100%        7


Dungeon Overview and Level Annotations

Branches:
Dungeon (9/15)             Temple (1/1) D:4             Orc (0/2) D:9
 Bailey (visited)
   Lair: D:8-11

Altars:
Ashenzari
Cheibriados
Dithmenos
Gozag
Hepliaklqana
Nemelex Xobeh
Okawaru
Qazlal
Trog
Uskayaw
Vehumet
Wu Jian
Xom
Yredelemnul
Zin
The Shining One

Shops:
D:2 [   D:8 (!=(

Annotations:
D:9 Grum


Innate Abilities, Weirdness & Mutations

You cannot wear most types of armour.
You are amphibious.
You can wear up to eight rings at the same time.
Your skin changes colour to match your surroundings (Stealth+).
Your rubbery body absorbs attacks. (AC +1, EV +1)
((You are camouflaged when in or above water. (Stealth+)))
You have tentacles for arms and can constrict up to eight enemies at once.
You have supernaturally acute eyesight. (SInv)
Your system is resistant to poisons. (rPois)
Your muscles are strong. (Str +4, Int/Dex -1)


Message History

You puncture the fungus! You burn the fungus. You squeeze the fungus!
The fungus is severely damaged.
You constrict the fungus. You impale the fungus!! You burn the fungus.
The fungus is almost destroyed.
You constrict the fungus. You puncture the fungus! You burn the fungus.
The fungus is almost destroyed.
You constrict the fungus. You puncture the fungus! You burn the fungus.
You destroy the fungus!
You feel a strong urge to attack something.
You are no longer berserk.
You are exhausted.
You feel yourself slow down.
An orc warrior comes into view. It is wielding a +0 scimitar.
You barely miss the gargoyle. You grab the gargoyle.
You constrict the gargoyle.
The gargoyle hits you with a +0 dire flail!!
You puncture the gargoyle! You burn the gargoyle.
The gargoyle is moderately damaged.
You constrict the gargoyle.
The gargoyle hits you with a +0 dire flail!!
* * * LOW HITPOINT WARNING * * *
You emit a cloud of dark smoke.
You are too injured to fight recklessly!
You hit the gargoyle but do no damage.
The gargoyle is moderately damaged.
You constrict the gargoyle.
The gargoyle hurls a stone arrow at you.
The stone arrow hits you.
* * * LOW HITPOINT WARNING * * *
Blink to where?
Press: ? - help, Dir - move target You lose your grip on something.
As you read the scroll of blinking, it crumbles to dust.
Okay, then.
You feel better.
The gargoyle hits you with a +0 dire flail!
You die...

#.# #.# #.# #.# #.#
..## #.# #.# .P.P
#.# #.# ..... #.#
#.# ..P....#.# #.#
...P.P.#.# #@#
#.....#.#####9## #.
#...P..........# #o
#.....#.#####..##
#'##.PP.....#......#
....P....####.###.##
...§..........# #.#
P.P§P...####### #.#
..§P§§†.# #.#


You could see a gargoyle.

Vanquished Creatures
  2 two-headed ogres
  Pikel (D:7)
  An orc knight (Bailey)
  A cyclops (D:11)
  3 trolls (D:11)
  The ghost of scionoferis the Caller, an amateur OpSu of Gozag (D:4)
  A shadow (D:9)
  A wyvern (D:8)
  A steam dragon (D:8)
  2 acid dragons
  A water moccasin (D:8)
  10 orc warriors
  2 ice beasts
  A sky beast (D:7)
  5 black bears
  An ogre (D:6)
  3 centaurs
  3 phantoms
  A kobold brigand (D:4)
  Blork the orc (D:5)
  5 gnoll sergeants
  2 bullfrogs
  2 scorpions
  6 wights
  A troll zombie (D:9)
  A jelly (D:5)
  10 killer bees
  5 howler monkeys
  3 hounds
  A gnoll bouda (D:5)
  3 orc priests (D:6)
  3 iguanas
  4 orc wizards
  3 ogre zombies (D:9)
  30 gnolls
  7 adders
  A white imp (D:6)
  6 worms
  49 orcs
  5 bats
  4 endoplasms
  A giant cockroach (D:4)
  12 goblins
  6 hobgoblins
  6 jackals
  6 kobolds
  3 quokkas
  6 ball pythons
  3 frilled lizards (D:3)
  A goblin skeleton (D:9)
  A goblin zombie (D:9)
  2 hobgoblin skeletons (D:9)
  3 orc skeletons (D:9)
  6 orc zombies (D:9)
  6 rats
  A fungus (D:11)
256 creatures vanquished.

Vanquished Creatures (others)
  10 fungi
  19 plants (D:11)
29 creatures vanquished.

Grand Total: 285 creatures vanquished

Notes
Turn   | Place    | Note
-------+----------+-------------------------------------------
     0 | D:1      | purpskrrrp the Octopode Enchanter began the quest for the
                  | Orb.
     0 | D:1      | Reached XP level 1. HP: 11/11 MP: 3/3
   325 | D:1      | Reached XP level 2. HP: 15/17 MP: 5/5
   412 | D:1      | Reached skill level 5 in Stealth
   749 | D:2      | Reached XP level 3. HP: 18/21 MP: 6/6
   784 | D:2      | Found a snail-covered altar of Cheibriados.
  1184 | D:2      | Reached skill level 6 in Stealth
  1397 | D:2      | Found Rafy Pelo's Armour Emporium.
  1544 | D:3      | Identified the +7 trident "Reh Ypema" {flame, *Rage rPois
                  | Int+4 Dex+2}
  1652 | D:3      | Reached skill level 1 in Maces & Flails
  1752 | D:3      | Reached XP level 4. HP: 27/27 MP: 7/7
  2439 | D:4      | Reached skill level 7 in Stealth
  2441 | D:4      | Reached XP level 5. HP: 31/31 MP: 8/8
  2455 | D:4      | Reached skill level 8 in Stealth
  2468 | D:4      | Reached XP level 6. HP: 4/36 MP: 9/9
  2928 | D:4      | Reached skill level 1 in Polearms
  2928 | D:4      | Reached skill level 9 in Stealth
  3227 | D:4      | Noticed a black bear
  3231 | D:4      | Killed a black bear
  3232 | D:4      | Reached XP level 7. HP: 41/41 MP: 10/10
  3292 | D:4      | Found a staircase to the Ecumenical Temple.
  3306 | Temple   | Entered the Ecumenical Temple
  3425 | Temple   | Became a worshipper of Dithmenos the Shadowed
  3431 | Temple   | Gained mutation: Your mind is acute. (Int +4, Str/Dex -1)
                  | [potion of mutation]
  3431 | Temple   | Gained mutation: You occasionally lose the ability to drink
                  | potions when taking damage. [potion of mutation]
  3431 | Temple   | Gained mutation: You are partially covered in iridescent
                  | scales. (AC +2) [potion of mutation]
  3433 | Temple   | Lost mutation: You occasionally lose the ability to drink
                  | potions when taking damage. [potion of mutation]
  3433 | Temple   | Lost mutation: Your mind is acute. (Int +4, Str/Dex -1)
                  | [potion of mutation]
  3433 | Temple   | Lost mutation: You are partially covered in iridescent
                  | scales. (AC +2) [potion of mutation]
  3433 | Temple   | Gained mutation: You have hidden genetic potential. [potion
                  | of mutation]
  3433 | Temple   | Gained mutation: Your system is resistant to poisons.
                  | (rPois) [potion of mutation]
  3637 | D:4      | Reached skill level 10 in Stealth
  3716 | D:4      | Found a runed translucent door.
  3721 | D:4      | Noticed scionoferis's ghost (amateur OpSu)
  4072 | D:4      | Killed scionoferis's ghost
  4076 | D:4      | Reached XP level 8. HP: 21/46 MP: 11/11
  4322 | D:5      | Entered Level 5 of the Dungeon
  4334 | D:5      | Reached skill level 11 in Stealth
  4339 | D:5      | Noticed Blork the orc
  4344 | D:5      | Gained mutation: You have supernaturally acute eyesight.
                  | (SInv) [hidden potential]
  4345 | D:5      | Killed Blork the orc
  4346 | D:5      | Reached skill level 5 in Polearms
  4642 | D:5      | Found a shimmering altar of Xom.
  4663 | D:5      | Found an iron altar of Okawaru.
  4706 | D:5      | Found a broken altar of Ashenzari.
  4934 | D:5      | Found a sparkling altar of Nemelex Xobeh.
  5638 | D:5      | Reached * piety under Dithmenos
  5639 | D:5      | Reached skill level 12 in Stealth
  6086 | D:6      | Reached XP level 9. HP: 51/51 MP: 12/12
  6370 | D:6      | Noticed a moth of wrath
  6373 | D:6      | Found a bloodstained altar of Trog.
  6675 | D:6      | Gained mutation: Your muscles are strong. (Str +4, Int/Dex
                  | -1) [hidden potential]
  6675 | D:6      | Lost mutation: You have hidden genetic potential. [hidden
                  | potential expressed]
  7376 | D:7      | Noticed a two-headed ogre
  7383 | D:7      | Reached skill level 13 in Stealth
  7383 | D:7      | Reached ** piety under Dithmenos
  7388 | D:7      | Killed a two-headed ogre
  7392 | D:7      | Found a stormy altar of Qazlal.
  7486 | D:7      | Noticed Pikel
  7494 | D:7      | Killed Pikel
  7495 | D:7      | Reached skill level 14 in Stealth
  7495 | D:7      | Reached XP level 10. HP: 56/56 MP: 13/13
  7968 | D:8      | Noticed a two-headed ogre
  7975 | D:8      | Killed a two-headed ogre
  7976 | D:8      | Reached skill level 10 in Polearms
  8025 | D:8      | Reached skill level 15 in Stealth
  8035 | D:8      | Found a radiant altar of Vehumet.
  8048 | D:8      | Found Josag's Distillery.
  8739 | D:8      | Found Rajuoriw's Antique Weapon Shoppe.
  8793 | D:8      | Found an opulent altar of Gozag.
  8828 | D:8      | Found Ofeig's Antique Weapon Shop.
  8897 | D:8      | Found Pyti Ycatte's Jewellery Shoppe.
  9158 | D:9      | Found a staircase to the Orcish Mines.
  9191 | D:9      | Reached *** piety under Dithmenos
  9513 | D:9      | Noticed Grum
  9546 | D:9      | Found a flagged portal.
  9559 | D:9      | Reached skill level 16 in Stealth
  9573 | Bailey   | Entered a bailey
  9884 | Bailey   | Reached XP level 11. HP: 59/61 MP: 14/14
 10091 | Bailey   | Noticed an orc knight
 10397 | Bailey   | HP: 3/91 [orc knight/+0 halberd (33)]
 10398 | Bailey   | Killed an orc knight
 10808 | Bailey   | Identified the ring "Tayrai" {rPois Str-5 Int+7 Dex+6}
 10948 | D:9      | You fall into a shaft and drop 2 floors!
 11132 | D:11     | Noticed a cyclops
 11160 | D:11     | Killed a cyclops
 11161 | D:11     | Reached skill level 17 in Stealth
 11211 | D:11     | Acquired 792 gold pieces
 11473 | D:11     | Identified the +1 robe of Noagops {rElec rPois Int+8 Dex-5}
 11634 | D:11     | HP: 2/61 [gargoyle/stone arrow (6)]
 11645 | D:11     | Slain by a gargoyle

Illustrated notes

Levels and vault maps discovered:
D:1:      spicycebolla_arrival_ecumenical, layout_basic
D:2:      layout_loops_ring, serial_shops, shop, basic_altar
D:3:      layout_basic, serial_forest, infiniplex_forest_end_2,
          infiniplex_forest_clump_tiny, infiniplex_forest_end_3,
          infiniplex_forest_fountain, infiniplex_forest_zigzag_1,
          infiniplex_forest_straight_1, infiniplex_forest_straight_4,
          infiniplex_forest_fountain, wander_ebering_terrifying_dragon_lair
D:4:      layout_layer_cave, minmay_temple_entry_large_hall,
          ebering_ghost_inner_flame, minmay_manual_mullet
D:5:      layout_cave_pools, mainiacjoe_overflow_24_doors,
          nicolae_overflow_hidden_temple, evilmike_ruin_ashenzari,
          okawaru_metal_pillars_1_2, serial_gnoll_camp, gnoll_camp_medium_01,
          gnoll_camp_mini_sergeant, gnoll_camp_mini_house, gnoll_camp_mini_hut,
          uniq_blork_the_orc
D:6:      layout_basic, tgw_trog
D:7:      layout_loops_ring, mainiacjoe_overflow_chevrons, dreamdust_gnoll_farm,
          uniq_pikel
D:8:      layout_loops_ring, nicolae_gozag_cash_rules_everything_around_me,
          mainiacjoe_overflow_alcove_2, serial_shops, shop, nicolae_square_shop,
          shop, nicolae_diamond_shop, minmay_misc_feat_diagonals,
          minmay_misc_feat_tiny, patterned_corridor
D:9:      gammafunk_sealed_arena, layout_basic, nicolae_ru_the_path_less_chosen,
          kiku_gazebo_pond_becter, zombieorc2_lemuel, enter_bailey_5,
          minmay_mirror_moons_of_madness, uniq_grum
D:11:     layout_basic, grunt_lair_entry_orc_guard_hut
Temple:   nicolae_temple_two_arcs

Skill      XL: |  1  2  3  4  5  6  7  8  9 10 11 |
---------------+----------------------------------+-----
Stealth        | 5 6 7 8 9 10 12 14 16 17 | 17.3
Maces & Flails | 1 2 |  2.1
Polearms       | 2 4 7 9 11 12 | 12.1
Short Blades   | |  1.0
Dodging        | |  2.0
Spellcasting   | |  2.0
Hexes          | |  3.0

Action                   |  1- 3 |  4- 6 |  7- 9 | 10-12 || total
-------------------------+-------+-------+-------+-------++-------
Melee: Dagger            |     5 |       |       |       ||     5
       Whip              |    43 |       |       |       ||    43
       Constrict         |    10 |     7 |    20 |    20 ||    57
       Tentacles         |     9 |     7 |    24 |    33 ||    73
       Trident           |     9 |    51 |   207 |   244 ||   511
  Use: Scroll            |     4 |       |     5 |    17 ||    26
       Potion            |       |       |     3 |     6 ||     9
 Stab: Sleeping          |    15 |     3 |    22 |    21 ||    61
       Distracted        |     1 |       |     2 |     2 ||     5
       Invisible         |       |       |       |     5 ||     5
Armor: Skin              |     5 |     5 |    25 |    36 ||    71
Dodge: Dodged            |    29 |    18 |   120 |   115 ||   282

Table legend: (Time is in decaauts)
 A = Elapsed time spent in this place.
 B = Non-inter-level travel time spent in this place.
 C = Inter-level travel time spent in this place.
 D = Time resting spent in this place.
 E = Time spent auto-exploring this place.
 F = Levels seen in this place.
 G = Mean time per level.
                   A        B        C        D        E       F      G
               +--------+--------+--------+--------+--------+-----+--------+
         Total |  12094 |  11822 |    272 |   2732 |   6572 |  12 | 1007.8 |
       Dungeon |  10587 |  10315 |    272 |   1770 |   6409 |  10 | 1058.7 |
        Temple |    145 |    145 |      0 |     51 |      0 |   1 |  145.0 |
        Bailey |   1360 |   1360 |      0 |    910 |    163 |   1 | 1360.0 |
               +--------+--------+--------+--------+--------+-----+--------+

Top non-repeatable levels by time:
     D:4: 1856 daAuts
     D:5: 1732 daAuts
     D:8: 1578 daAuts
  Bailey: 1360 daAuts
     D:6: 1100 daAuts
     D:7: 993 daAuts
     D:3: 973 daAuts
     D:2: 810 daAuts
    D:11: 700 daAuts
     D:1: 698 daAuts
  Temple: 145 daAuts
     D:9: 142 daAuts
